Map: Blueshift LE

Players

HellraiseR

  • Race: Protoss Protoss
  • League: Grandmaster
  • Spawn Location: 1:00

Lambo - Winner!

  • Race: Zerg Zerg
  • League: Grandmaster
  • Spawn Location: 7:00

VOD

Have the link to the VOD?

Description

Time

  • Played on: Jan. 12, 2019, 1:47 p.m.
  • Length: 10:03
Show
View Real Time Build Order
Export as new Build Order

HellraiseR Protoss 

Build Orders: 1 Gate Expand, Oracle Opening, Phoenix Opening, Archon Immortal, Mass Phoenix 

Get SALT Encoding   

  12  0:01  Probe  
  13  0:13  Probe  
  14  0:20  Pylon  
  14  0:24  Probe  
  15  0:34  Probe  
  15  0:40  Gateway  
  16  0:43  Probe  
  16  0:48  Assimilator  
  17  0:55  Probe  
  18  1:08  Probe  
  19  1:23  Nexus  
  19  1:25  Probe  
  20  1:35  Cybernetics Core  
  20  1:38  Probe  
  21  1:44  Assimilator  
  21  1:50  Probe  
  21  1:52  Pylon  
  22  2:02  Probe  
  22  2:03  Adept  
  23  2:10  Probe  
  26  2:18  Probe  
  27  2:25  Stargate  
  27  2:29  Probe  
  27  2:30  Adept  
  27  2:32  Probe  
  31  2:40  Probe, Warp Gate  
  31  2:41  Probe  
  33  2:50  Probe  
  33  2:53  Probe  
  35  3:00  Phoenix  
  35  3:02  Probe  
  35  3:03  Gateway  
  35  3:05  Probe  
  39  3:14  Probe, Pylon  
  39  3:16  Oracle  
  39  3:17  Assimilator  
  39  3:18  Probe  
  41  3:26  Probe  
  45  3:33  Probe  
  46  3:36  Assimilator  
  46  3:38  Probe  
  47  3:46  Probe  
  47  3:48  Stargate, Pylon  
  48  3:50  Probe  
  48  3:55  Pylon  
  49  3:58  Probe  
  49  4:02  Probe  
  51  4:04  Phoenix  
  51  4:10  Probe  
  54  4:18  Probe  
  54  4:22  Probe  
  56  4:27  Phoenix x2  
  56  4:31  Probe  
  59  4:34  Probe  
  62  4:39  Pylon  
  62  4:43  Zealot x2  
  66  4:51  Phoenix  
  66  4:52  Phoenix  
  66  4:53  Nexus  
  66  4:59  Pylon  
  70  5:07  Phoenix  
  70  5:09  Robotics Facility  
  70  5:17  Phoenix  
  74  5:22  Robotics Facility  
  74  5:25  Probe x2  
  74  5:28  Shield Battery  
  76  5:37  Probe  
  76  5:38  Probe  
  78  5:48  Immortal  
  79  5:50  Probe x2  
  79  5:53  Pylon  
  79  5:56  Twilight Council  
  80  5:58  Forge  
  80  6:02  Probe x3, Immortal  
  86  6:10  Probe  
  91  6:14  Probe x2  
  94  6:19  Probe  
  94  6:20  Sentry  
  97  6:26  Probe x2  
  97  6:27  Immortal  
  97  6:30  Pylon  
  97  6:31  Probe  
  104  6:33  Charge  
  104  6:35  Protoss Ground Weapons Level 1  
  104  6:38  Probe x2  
  106  6:41  Immortal  
  106  6:44  Templar Archives, Probe  
  107  6:50  Probe  
  107  6:52  Assimilator  
  110  6:54  Assimilator  
  110  6:55  Pylon  
  110  7:07  Immortal  
  112  7:13  Immortal  
  112  7:15  Gateway  
  112  7:16  Gateway  
  112  7:17  Pylon  
  112  7:20  Psionic Storm  
  116  7:36  Photon Cannon  
  116  7:37  Photon Cannon  
  116  7:42  High Templar x2  
  116  7:43  Shield Battery  
  120  7:47  Observer, Gateway x2  
  120  7:50  Gateway  
  121  7:53  Gateway  
  121  7:55  Immortal  
  125  8:00  Pylon  
  125  8:01  Pylon  
  125  8:07  Pylon  
  125  8:16  Nexus, High Templar  
  125  8:17  High Templar  
  129  8:20  Pylon  
  129  8:23  High Templar, Pylon  
  129  8:24  Zealot  
  133  8:46  Shield Battery x2  
  133  8:47  High Templar x2  
  133  8:48  Zealot x2, Shield Battery  
  141  8:49  Zealot x2  
  141  8:50  Photon Cannon, Zealot  
  141  8:51  Archon  
  141  8:52  Probe x2  
  123  9:18  Immortal x2  
  123  9:20  Shield Battery  
  123  9:22  Zealot x3  
  123  9:23  Zealot x5, Shield Battery  
  147  9:37  Shield Battery  
  147  9:38  Shield Battery  
  145  9:43  High Templar  
  145  9:44  High Templar x3  
  151  9:54  Archon  
Show
View Real Time Build Order
Export as new Build Order

Lambo Zerg - Winner!

Build Orders: Hatch First, Swarm Host 

Get SALT Encoding   

  12  0:00  Drone  
  13  0:13  Overlord  
  13  0:17  Drone  
  14  0:32  Drone x2  
  16  0:47  Hatchery  
  15  0:50  Drone  
  15  0:54  Drone  
  18  0:57  Drone  
  18  1:07  Extractor  
  17  1:12  Spawning Pool  
  17  1:15  Drone  
  17  1:19  Drone  
  18  1:29  Drone  
  19  1:40  Drone  
  20  1:51  Overlord  
  20  2:01  Queen x2, Zergling x2  
  20  2:02  Zergling x2  
  26  2:10  Drone  
  26  2:12  Drone  
  28  2:22  Drone  
  29  2:27  Drone  
  30  2:32  Hatchery, Metabolic Boost  
  29  2:37  Drone  
  29  2:41  Drone  
  29  2:42  Drone  
  32  2:48  Overlord  
  32  2:54  Queen  
  32  2:56  Drone  
  35  3:00  Drone  
  36  3:10  Drone x2  
  36  3:11  Drone x2  
  40  3:13  Overlord  
  40  3:15  Drone  
  40  3:17  Drone  
  40  3:19  Drone  
  43  3:20  Drone  
  43  3:26  Overlord  
  44  3:31  Queen  
  46  3:34  Drone x2  
  48  3:42  Drone x2  
  48  3:43  Drone x2  
  48  3:47  Queen  
  48  3:48  Spore Crawler  
  53  3:52  Spore Crawler  
  53  3:55  Overlord  
  52  3:57  Drone x2  
  52  4:00  Drone  
  55  4:06  Drone x2  
  55  4:08  Overlord  
  55  4:09  Overlord  
  57  4:17  Roach Warren  
  57  4:20  Drone x5  
  57  4:23  Extractor  
  60  4:24  Extractor  
  60  4:27  Zergling x6  
  60  4:28  Zergling x2  
  63  4:32  Drone  
  63  4:34  Lair  
  63  4:37  Drone  
  63  4:38  Drone x2  
  67  4:40  Drone  
  67  4:41  Drone  
  67  4:42  Drone x2  
  67  4:45  Drone  
  72  4:51  Drone  
  72  4:52  Drone  
  73  4:53  Queen  
  73  4:58  Evolution Chamber, Drone x2  
  73  4:59  Drone x2  
  78  5:03  Overlord  
  78  5:05  Drone x2  
  80  5:12  Overlord, Drone x2  
  82  5:25  Drone x2  
  82  5:28  Queen, Spore Crawler  
  83  5:29  Queen  
  83  5:34  Drone x9  
  96  5:36  Zerg Missile Weapons Level 1  
  96  5:38  Hydralisk Den  
  96  5:40  Drone  
  96  5:41  Spore Crawler, Extractor  
  94  5:43  Spore Crawler, Drone, Extractor  
  94  5:47  Drone  
  93  5:52  Extractor  
  93  5:56  Overlord  
  92  5:58  Baneling Nest  
  91  6:05  Overlord  
  91  6:09  Overlord x2  
  90  6:11  Grooved Spines  
  90  6:14  Queen x2  
  90  6:15  Infestation Pit  
  92  6:20  Overlord  
  92  6:21  Zergling x6  
  95  6:30  Hatchery  
  94  6:35  Drone x2  
  94  6:36  Overlord  
  94  6:37  Drone x2  
  98  6:41  Hydralisk x6  
  98  6:42  Hydralisk x2  
  112  6:53  Hydralisk x2, Drone  
  112  6:54  Hydralisk x2, Drone  
  112  6:56  Centrifical Hooks  
  118  7:09  Zergling x2  
  119  7:21  Swarm Host x4  
  119  7:22  Swarm Host x2, Muscular Augments  
  137  7:23  Overlord  
  137  7:27  Spore Crawler  
  133  7:30  Drone x2  
  133  7:32  Zerg Missile Weapons Level 2  
  133  7:33  Swarm Host  
  133  7:36  Overlord x3, Extractor, Drone  
  133  7:37  Overlord  
  138  7:44  Overlord  
  138  7:46  Overlord  
  138  7:48  Drone x3  
  138  7:50  Swarm Host x3, Drone  
  150  8:03  Hydralisk, Zergling x2  
  150  8:04  Zergling x14  
  160  8:09  Swarm Host x2  
  166  8:13  Zergling x6  
  166  8:18  Zergling x2  
  166  8:19  Zergling x12  
  175  8:21  Overlord  
  175  8:23  Zergling x2  
  176  8:30  Zergling x2  
  176  8:31  Zergling x6  
  176  8:32  Baneling x11  
  176  8:33  Baneling x2  
  180  8:38  Baneling x10  
  180  8:39  Zergling x2  
  181  8:46  Zergling x2  
  181  8:47  Zergling x10  
  181  8:48  Baneling x4  
  187  8:57  Zergling x6  
  187  8:58  Zergling x10  
  194  9:07  Zergling x6  
  194  9:08  Zergling x2  
  190  9:11  Hydralisk, Zergling x2  
  190  9:14  Zergling x10  
  190  9:15  Zergling x6  
  190  9:17  Baneling x7  
  192  9:22  Baneling x10  
  192  9:23  Baneling x2  
  192  9:24  Baneling x3  
  192  9:29  Baneling x7  
  192  9:30  Baneling  
  191  9:33  Zergling x8  
  194  9:42  Zergling x12  
Tags
 
Add a new tag
Caveats
  • Supply blocks, unpowered buildings, or Contaminate may cause inaccurate times.
  • Supply counts are checked every 10 seconds.